 Dungeon Crawl Stone Soup version 0.25.1-2-g60ff931df9 (webtiles) character file.

Game seed: 13769813816576990717

56102 DerDa the Destroyer (level 14, -3/118 HPs)
             Began as a White Draconian Conjurer on Aug 23, 2020.
             Was an Elder of Sif Muna.
             Killed from afar by Jorgrun (49 damage)
             ... with an iron shot
             ... on level 12 of the Dungeon.
             The game lasted 01:58:31 (30659 turns).

DerDa the Destroyer (White Draconian Conjurer)     Turns: 30659, Time: 01:58:31

Health: -3/118     AC: 11    Str: 12    XL:     14   Next: 40%
Magic:  19/30      EV: 11    Int: 19    God:    Sif Muna [****..]
Gold:   948        SH:  0    Dex: 10    Spells: 8/37 levels left

rFire    + + .     SeeInvis .   d - +5 falchion of Niext {freeze, +Fly rElec rF++ Dex-2}
rCold    + . .     Gourm    .   (no shield)
rNeg     + . .     Faith    +   (armour unavailable)
rPois    .         Spirit   .   (helmet restricted)
rElec    +         Reflect  .   Q - scarf {+Inv}
rCorr    .         Harm     .   (no gloves)
MR       +....                  S - +2 pair of boots
Stlth    ++........             J - amulet of faith
HPRegen  0.29/turn              D - ring of positive energy
MPRegen  0.22/turn              (no ring)

@: short of breath, grasped by roots, constricted
A: breathe frost, unfitting armour, cold resistance 1, cold-blooded, AC +8
a: Breathe Frost, Channel Magic, Forget Spell, Divine Exegesis, Renounce
Religion, Evoke Invisibility, Evoke Flight


You were on level 12 of the Dungeon.
You worshipped Sif Muna.
Sif Muna was greatly pleased with you.
You were hungry.

You visited 3 branches of the dungeon, and saw 19 of its levels.
You also visited: Sewer and Volcano.

You collected 1308 gold pieces.
You spent 360 gold pieces at shops.

Inventory:

Hand Weapons
 d - the +5 falchion of Niext (weapon) {freeze, +Fly rElec rF++ Dex-2}
   (You found it on level 1 of the Lair of Beasts)

   It has been specially enchanted to freeze those struck by it, causing extra
   injury to most foes and up to half again as much damage against particularly
   susceptible opponents.
   It can also slow down cold-blooded creatures.
   It affects your dexterity (-2).
   It greatly protects you from fire.
   It insulates you from electricity.
   It lets you fly.
 I - a +0 spear of venom
Missiles
 m - 107 bolts
 w - 30 poisoned darts (quivered)
Armour
 Q - a scarf of invisibility (worn)
 S - a +2 pair of boots (worn)
 Y - a +0 kite shield
Magical Staves
 o - an uncursed staff of wizardry
Jewellery
 y - an uncursed amulet of guardian spirit {unknown}
 D - a ring of positive energy (left hand)
 J - an amulet of faith (around neck)
 V - an uncursed ring of ice
 Z - an uncursed amulet of magic regeneration
Wands
 q - a wand of iceblast (10)
 u - a wand of digging (8)
 x - a wand of acid (10)
 A - a wand of flame (4)
 G - a wand of enslavement (24)
 X - a wand of polymorph (11)
Scrolls
 a - a scroll of magic mapping
 e - 4 scrolls of enchant weapon
 g - 11 scrolls of amnesia
 i - 12 scrolls of teleportation
 n - 10 scrolls of remove curse
 r - 2 scrolls of fear
 t - 2 scrolls of silence
 E - a scroll of random uselessness {unknown}
 F - 2 scrolls of fog
 K - 4 scrolls of immolation
 L - a scroll of blinking {unknown}
 O - a scroll of vulnerability
 W - 2 scrolls of enchant armour
Potions
 c - 4 potions of magic
 f - 4 potions of heal wounds
 h - 5 potions of brilliance {unknown}
 j - 6 potions of curing
 k - 7 potions of might
 l - 5 potions of stabbing {unknown}
 p - 2 potions of flight {unknown}
 v - 3 potions of resistance {unknown}
 z - 5 potions of haste {unknown}
 B - 2 potions of mutation {unknown}
 C - a potion of cancellation {unknown}
 H - 2 potions of ambrosia {unknown}
 M - a potion of degeneration {unknown}
 T - 5 potions of lignification {unknown}
 U - 2 potions of berserk rage {unknown}
Miscellaneous
 s - a phial of floods (inert)
Comestibles
 b - 31 rations


   Skills:
 + Level 9.2 Fighting
 + Level 6.1 Dodging
 - Level 1.7 Stealth
 + Level 2.2 Shields
 * Level 12.0 Spellcasting
 * Level 13.3 Conjurations
 - Level 5.0 Summonings
 - Level 5.0 Translocations
 * Level 9.1 Ice Magic
 + Level 4.9 Air Magic
 + Level 9.0 Invocations
 + Level 2.4 Evocations


You had 8 spell levels left.
You knew the following spells:

 Your Spells              Type           Power        Failure   Level  Hunger
a - Magic Dart            Conj           ####         1%          1    None
b - Searing Ray           Conj           ######       1%          2    None
c - Fulminant Prism       Conj/Hex       #####.....   4%          4    ##.....
d - Iskenderun's Mystic   Conj/Tloc      #####...     1%          4    ##.....
e - Summon Ice Beast      Ice/Summ       #####...     3%          4    ##.....
f - Summon Butterflies    Summ           ####....     1%          1    None
g - Freezing Cloud        Conj/Ice/Air   #####.....   22%         6    ######.
h - Ozocubu's Armour      Chrm/Ice       ####....     2%          3    None
i - Hailstorm             Conj/Ice       ######..     1%          4    ##.....

Your spell library contained the following spells:

 Spells                   Type           Power        Failure   Level  Hunger
 Apportation              Tloc           ####..       1%          1    None
 Freeze                   Ice            ####         1%          1    None
 Shock                    Conj/Air       ####         1%          1    None
 Ensorcelled Hibernation  Hex/Ice        ####..       1%          2    None
 Dazzling Flash           Conj/Hex       #####.       1%          3    None
 Static Discharge         Conj/Air       #####...     1%          3    None
 Stone Arrow              Conj/Erth      #####.       1%          3    None
 Call Canine Familiar     Summ           ####....     2%          3    None
 Lesser Beckoning         Tloc           ####......   2%          3    None
 Recall                   Summ/Tloc      N/A          2%          3    None
 Teleport Other           Tloc           ####....     2%          3    None
 Shroud of Golubria       Chrm/Tloc      ###...       3%          2    None
 Swiftness                Chrm/Air       ###.....     3%          2    None
 Sticky Flame             Conj/Fire      #####...     4%          4    ##.....
 Lightning Bolt           Conj/Air       #####.....   4%          5    ####...
 Portal Projectile        Hex/Tloc       ###...       6%          3    None
 Airstrike                Air            ####......   9%          4    ##.....
 Ice Form                 Ice/Tmut       ####....     9%          4    ##.....
 Fireball                 Conj/Fire      #####.....   11%         5    ####...
 Ignite Poison            Fire/Tmut/Pois ##......     19%         3    None
 Tukima's Dance           Hex            ##......     19%         3    None
 Summon Forest            Summ/Tloc      ####......   22%         5    ####...
 Summon Mana Viper        Hex/Summ       ###.....     52%         5    ####...
 Starburst                Conj/Fire      #####.....   52%         6    ######.
 Alistair's Intoxication  Tmut/Pois      ##......     86%         5    ####...
 Yara's Violent Unravell  Hex/Tmut       ##........   86%         5    ####...
 Invisibility             Hex            ##......     100%        6    ######.
 Malign Gateway           Summ/Tloc      ####......   100%        7    #######
 Ring of Flames           Chrm/Fire      ##........   100%        7    #######
 Summon Hydra             Summ           ####......   100%        7    #######
 Ignition                 Fire           ##........   100%        8    #######


Dungeon Overview and Level Annotations

Branches:
Dungeon (12/15)            Temple (1/1) D:4            Lair (6/6) D:8
 Shoals (0/4) Lair:4        Snake (0/4) Lair:2        Slime (0/5) Lair:5
  Sewer (visited)         Volcano (visited)
    Orc: D:9-12

Altars:
Ashenzari
Cheibriados
Dithmenos
Elyvilon
Fedhas
Gozag
Hepliaklqana
Kikubaaqudgha
Makhleb
Nemelex Xobeh
Okawaru
Qazlal
Ru
Sif Muna
Trog
Uskayaw
Vehumet
Wu Jian
Xom
Yredelemnul
Zin
The Shining One
Jiyva

Shops:
D:5 *   D:6 *   D:7 *

Annotations:
D:12 Jorgrun
Lair:3 3 runed translucent doors, Acheron's ghost, novice GrAK


Innate Abilities, Weirdness & Mutations

You can breathe waves of freezing cold.
You can buffet flying creatures when you breathe cold.
Your icy white scales are hard. (AC +8)
You cannot fit into any form of body armour.
Your flesh is cold resistant. (rC+)
You are cold-blooded and may be slowed by cold attacks.


Message History

Casting: Freezing Cloud (dangerous; 22% risk of failure)
Confirm with . or Enter, or press ? or * to list all spells.
Aiming: Searing Ray (safe; 1% risk of failure)
Press: ? - help, Shift-Dir - straight line, f/p - Jorgrun
Aim: Jorgrun, wielding a +0 vorpal quarterstaff and wearing a cursed +0 robe (freezing vapour, severely wounded)
The searing ray hits Jorgrun!
Jorgrun is severely wounded. (Press . to maintain the ray.) Jorgrun is engulfed in freezing vapours.
Jorgrun casts a spell at you.
Roots burst forth from the earth!
The grasping roots grab you! The grasping roots constrict you!
All of the chunks of flesh in your inventory have rotted away.
The searing ray hits Jorgrun!
Jorgrun is almost dead.
Jorgrun is engulfed in freezing vapours.
Jorgrun gestures at you while chanting. The iron shot hits you!!!
You die...

#.....#
##.##.##
#####.....#
#......####
#.####.######
###.#
#.......
#.##.#
##...... ##.#
#.# #......
##@# #.#
#...... ##g##
#.# #......
####§######.#
#......
#.§§§.......#
#......
#.§##########
#...... ...§§
........
...##.#
##...... #..
#. #...... #.
.. #......


You could see Jorgrun.

Vanquished Creatures
  An entropy weaver (Lair:6)
  Fannar (D:9)
  A catoblepas (Lair:6)
  Harold (D:10)
  2 hydras
  A two-headed ogre (Volcano)
  Urug (D:9)
  A tengu warrior (D:11)
  7 death yaks (Lair:6)
  Sonja (Lair:3)
  Pikel (D:7)
  A deep elf mage (D:11)
  An ugly thing (D:12)
  3 oklob plants
  2 manticores (Lair:6)
  Maurice (D:11)
  3 black mambas
  6 elephants (Lair:2)
  11 spiny frogs
  A kobold demonologist (D:11)
  6 komodo dragons
  5 rime drakes
  A troll (D:12)
  A polar bear (Lair:6)
  A queen bee (Lair:2)
  11 blink frogs
  10 dream sheep
  7 hippogriffs
  A shadow (D:12)
  2 wraiths
  3 wyverns
  44 yaks
  Grum (D:10)
  A basilisk (Lair:6)
  3 nagas (Lair:2)
  6 porcupines
  5 soldier ants (Lair:6)
  12 water moccasins
  4 slaves (D:7)
  A hornet zombie (D:7)
  5 ice beasts
  6 orc warriors
  An eye of draining (D:11)
  3 black bears
  4 sky beasts
  7 necrophages
  3 ogres
  7 centaurs
  12 wolves
  14 crocodiles
  7 big kobolds
  A gnoll sergeant (D:8)
  12 bullfrogs
  A wyvern skeleton (D:9)
  5 scorpions
  8 wights
  38 killer bees
  An electric eel (Lair:4)
  A howler monkey (D:7)
  5 crimson imps
  5 centaur zombies
  3 hounds
  4 jellies
  4 bullfrog skeletons
  2 centaur skeletons
  5 orc priests
  9 orc wizards
  3 iguanas
  18 worker ants
  A hound skeleton (D:6)
  2 howler monkey zombies (D:7)
  11 gnolls
  5 river rats
  13 adders
  3 shadow imps
  4 oozes
  4 adder zombies
  An adder skeleton (D:5)
  A worm (Sewer)
  A dart slug (D:1)
  3 leopard geckos
  29 orcs
  5 bats
  6 giant cockroaches
  5 goblins
  5 hobgoblins
  14 jackals
  4 quokkas
  7 ball pythons
  5 frilled lizards
  21 kobolds
  A quokka zombie (D:9)
  11 rats
  3 fungi (Lair:2)
  4 plants
535 creatures vanquished.

Vanquished Creatures (collateral kills)
  An entropy weaver (Lair:6)
  2 hydras
  2 two-headed ogres (Volcano)
  A queen ant (Lair:6)
  2 catoblepae (Lair:6)
  An ogre mage (Volcano)
  2 spiny frogs
  3 blink frogs (Lair:6)
  A bullfrog (Lair:1)
15 creatures vanquished.

Vanquished Creatures (others)
  228 fulminant prisms
  14 fungi
  25 plants
267 creatures vanquished.

Grand Total: 817 creatures vanquished

Notes
Turn   | Place    | Note
-------+----------+-------------------------------------------
     0 | D:1      | DerDa the Draconian Conjurer began the quest for the Orb.
     0 | D:1      | Reached XP level 1. HP: 14/14 MP: 3/3
   274 | D:1      | Reached XP level 2. HP: 20/20 MP: 0/5
   878 | D:2      | Reached XP level 3. HP: 25/26 MP: 0/7
  2120 | D:2      | Learned a level 2 spell: Searing Ray
  2325 | D:3      | Found a faded altar of an unknown god.
  2384 | D:3      | Reached XP level 4. HP: 25/33 MP: 0/8
  2395 | D:3      | Learned a level 4 spell: Fulminant Prism
  2721 | D:3      | Noticed a bullfrog
  2729 | D:3      | Killed a bullfrog
  2729 | D:3      | Reached skill level 5 in Conjurations
  2729 | D:3      | Reached XP level 5. HP: 26/38 MP: 0/10
  3648 | D:4      | Found a staircase to the Ecumenical Temple.
  3831 | D:4      | Found a hide-covered altar of Uskayaw.
  3928 | D:4      | Found a glowing drain.
  3962 | Sewer    | Entered a sewer
  3989 | Sewer    | Reached skill level 6 in Conjurations
  3989 | Sewer    | Reached XP level 6. HP: 45/45 MP: 1/12
  4232 | Sewer    | Reached skill level 5 in Spellcasting
  4232 | Sewer    | Your scales start taking on an icy white colour.
  4232 | Sewer    | Reached XP level 7. HP: 50/50 MP: 4/14
  4232 | Sewer    | Gained mutation: Your flesh is cold resistant. (rC+) [White
                  | Draconian growth]
  5135 | Temple   | Entered the Ecumenical Temple
  5139 | Temple   | Became a worshipper of Sif Muna the Loreminder
  5283 | D:4      | Reached skill level 7 in Conjurations
  5673 | D:4      | Learned a level 4 spell: Iskenderun's Mystic Blast
  5701 | D:5      | Entered Level 5 of the Dungeon
  6097 | D:5      | Reached skill level 1 in Fighting
  6097 | D:5      | Reached skill level 1 in Translocations
  6097 | D:5      | Reached skill level 1 in Invocations
  6097 | D:5      | Reached XP level 8. HP: 49/59 MP: 5/17
  6359 | D:5      | Found Noutul's Assorted Antiques.
  6423 | D:5      | Found a radiant altar of Vehumet.
  6745 | D:5      | Bought a black potion for 21 gold pieces
  6745 | D:5      | Bought an inky potion for 21 gold pieces
  6745 | D:5      | Bought an inky potion for 21 gold pieces
  6745 | D:5      | Bought a murky yellow potion for 21 gold pieces
  6745 | D:5      | Bought a wooden ring for 120 gold pieces
  7404 | D:6      | Reached skill level 8 in Conjurations
  7569 | D:6      | Reached * piety under Sif Muna
  8036 | D:6      | Found a glowing golden altar of the Shining One.
  8037 | D:6      | Found a burning altar of Makhleb.
  8040 | D:6      | Found a hazy altar of Hepliaklqana.
  8041 | D:6      | Found a glowing silver altar of Zin.
  8045 | D:6      | Found an ornate altar of the Wu Jian Council.
  8046 | D:6      | Found a bloodstained altar of Trog.
  8046 | D:6      | Found a white marble altar of Elyvilon.
  8072 | D:6      | Found a shimmering altar of Xom.
  8105 | D:6      | You fall into a shaft and drop 2 floors!
  8133 | D:8      | Reached XP level 9. HP: 68/69 MP: 2/19
  8451 | D:8      | Found a staircase to the Lair.
  8786 | D:7      | Reached skill level 9 in Conjurations
  9015 | D:7      | Reached ** piety under Sif Muna
  9150 | D:6      | Found Bujah's Bounteous Boutique.
  9243 | D:6      | Found a stormy altar of Qazlal.
  9427 | D:6      | Found an ancient bone altar of Kikubaaqudgha.
  9495 | D:7      | Found Xauhod's Assorted Antiques.
  9501 | D:7      | Bought a viscous grey potion for 18 gold pieces
  9501 | D:7      | Bought a silvery potion for 18 gold pieces
  9501 | D:7      | Bought a scroll labeled SAFINO ESOQ for 21 gold pieces
  9501 | D:7      | Bought a scroll labeled EMODYSOHOMM for 21 gold pieces
  9501 | D:7      | Bought an inky potion for 18 gold pieces
  9501 | D:7      | Bought a scroll labeled EBORAM FAGA for 21 gold pieces
  9501 | D:7      | Bought a scroll labeled CUQUOLELEUZ for 21 gold pieces
  9525 | D:7      | Bought a bubbling coppery potion for 18 gold pieces
 10232 | D:8      | Noticed Pikel
 10237 | D:8      | Reached XP level 10. HP: 56/79 MP: 2/22
 10368 | D:7      | Killed Pikel
 10766 | D:8      | Reached skill level 5 in Invocations
 10951 | D:8      | Reached skill level 10 in Conjurations
 11180 | D:9      | Reached skill level 5 in Fighting
 11245 | D:9      | Reached *** piety under Sif Muna
 11695 | D:9      | Reached skill level 5 in Translocations
 12383 | D:9      | Identified the Incunabulum of the Ensnaring Entourage
 12807 | D:10     | Entered Level 10 of the Dungeon
 12860 | D:10     | Noticed Urug
 12921 | D:10     | Noticed Fannar
 12922 | D:10     | Reached **** piety under Sif Muna
 13111 | D:10     | Noticed Grum
 13303 | D:10     | Reached XP level 11. HP: 66/88 MP: 7/24
 13304 | D:10     | Noticed Harold
 13481 | D:9      | Killed Urug
 14207 | D:10     | Killed Grum
 14236 | D:9      | Killed Fannar
 14462 | D:10     | Killed Harold
 14462 | D:10     | Reached skill level 11 in Conjurations
 14985 | D:11     | Reached skill level 10 in Spellcasting
 15150 | D:11     | Noticed Maurice
 15159 | D:11     | Killed Maurice
 15370 | D:11     | Reached ***** piety under Sif Muna
 15384 | D:11     | Noticed a deep elf mage
 15399 | D:11     | Learned a level 4 spell: Summon Ice Beast
 15405 | D:11     | Noticed a tengu warrior
 15688 | D:11     | Identified Sif Muna's Almanac of Destructive Dislocation
                  | (Sif Muna gifted it to you on level 11 of the Dungeon)
 15688 | D:11     | Received a gift from Sif Muna
 15804 | D:11     | Learned a level 1 spell: Summon Butterflies
 15923 | D:11     | Reached skill level 1 in Ice Magic
 16068 | D:11     | Killed a deep elf mage
 16068 | D:11     | Killed a tengu warrior
 16068 | D:11     | Reached skill level 1 in Summonings
 16733 | Lair:1   | Entered Level 1 of the Lair of Beasts
 16743 | Lair:1   | Learned a level 6 spell: Freezing Cloud
 16884 | Lair:1   | Got a transparent falchion
 16884 | Lair:1   | Identified the +5 falchion of Niext {freeze, +Fly rElec
                  | rF++ Dex-2} (You found it on level 1 of the Lair of Beasts)
 16917 | Lair:1   | Noticed a seven-headed hydra
 16931 | Lair:1   | Killed a seven-headed hydra
 17143 | Lair:1   | Reached XP level 12. HP: 75/100 MP: 19/26
 17274 | Lair:1   | Reached skill level 1 in Air Magic
 18124 | Lair:1   | Acquired an uncursed staff of wizardry
 18140 | Lair:2   | Found a dark tunnel.
 18147 | Volcano  | Entered a volcano
 18197 | Volcano  | Noticed a two-headed ogre
 18210 | Volcano  | Killed a two-headed ogre
 18303 | Volcano  | Noticed a two-headed ogre
 18303 | Volcano  | Noticed a two-headed ogre
 18303 | Volcano  | Noticed an ogre mage
 18321 | Volcano  | Killed a two-headed ogre
 18322 | Volcano  | Killed a two-headed ogre
 18325 | Volcano  | Killed an ogre mage
 19171 | Lair:2   | Reached skill level 12 in Conjurations
 19183 | Lair:2   | Reached skill level 5 in Ice Magic
 19789 | Lair:2   | Found a staircase to the Snake Pit.
 21265 | Lair:3   | Noticed Sonja
 21279 | Lair:3   | Killed Sonja
 21524 | Lair:3   | Noticed Acheron's ghost (novice GrAK)
 21780 | Lair:3   | Found a runed translucent gate.
 21780 | Lair:3   | Found a runed translucent gate.
 21780 | Lair:3   | Found a runed translucent gate.
 21784 | Lair:3   | Noticed a minotaur
 21979 | Lair:4   | Noticed a seven-headed hydra
 21987 | Lair:4   | Killed a seven-headed hydra
 21987 | Lair:4   | Reached skill level 5 in Dodging
 21987 | Lair:4   | Reached XP level 13. HP: 107/107 MP: 10/28
 23454 | Lair:4   | Found a staircase to the Shoals.
 24049 | Lair:5   | Received a gift from Sif Muna
 24142 | Lair:5   | You fall into a shaft and drop 1 floor!
 24142 | Lair:6   | Entered Level 6 of the Lair of Beasts
 24166 | Lair:6   | Noticed an entropy weaver
 24183 | Lair:6   | Killed an entropy weaver
 24190 | Lair:6   | Noticed an entropy weaver
 24604 | Lair:5   | Found a viscous altar of Jiyva.
 24604 | Lair:5   | Found a staircase to the Slime Pits.
 26682 | Lair:6   | Killed an entropy weaver
 26699 | Lair:6   | Reached skill level 13 in Conjurations
 27098 | Lair:6   | Reached skill level 1 in Evocations
 27121 | Lair:5   | Reached skill level 1 in Shields
 27386 | Lair:6   | Reached XP level 14. HP: 85/116 MP: 21/29
 27820 | Lair:6   | Identified Sif Muna's Tome of Snow and Displacement (Sif
                  | Muna gifted it to you on level 6 of the Lair of Beasts)
 27820 | Lair:6   | Received a gift from Sif Muna
 27826 | Lair:6   | Learned a level 3 spell: Ozocubu's Armour
 29257 | Lair:6   | Reached skill level 5 in Summonings
 30218 | D:12     | Learned a level 4 spell: Hailstorm
 30650 | D:12     | Noticed Jorgrun
 30659 | D:12     | Killed from afar by Jorgrun

Illustrated notes

Levels and vault maps discovered:
D:1:      wander_arrival_fairy_ring, layout_loops_ring, minmay_splitting_lines,
          moated_statue
D:2:      wander_river, layout_basic, first_ration
D:3:      layout_basic, chequers_ecumenical_altar_twisty
D:4:      layout_loops_cross, lemuel_crystal_altar, minmay_temple_entry_waves,
          portal_sewer_entry_c
D:5:      layout_basic, serial_shops,
          nicolae_shop_temple_entry_statues_fountains, minmay_curled_crystal,
          vehumet_altar_wand_db
D:6:      layout_cave_pools, grunt_temple_overflow_open,
          nicolae_overflow_hidden_temple, nicolae_alphabet_shops
D:7:      layout_basic, serial_shops, shop
D:8:      layout_rooms, minmay_lair_entry_grove, uniq_pikel
D:9:      layout_loops_cross
D:10:     layout_big_octagon, uniq_grum, uniq_urug, uniq_harold, uniq_fannar
D:11:     layout_cave_pools, grunt_tengu_nest, uniq_maurice
D:12:     layout_basic, erik_orc_3, serial_shops, shop, uniq_jorgrun
Temple:   pf_slimified_temple
Lair:1:   layout_chaotic_city, grunt_megastairs_3
Lair:2:   layout_long_grid, guppyfry_snake_entry_garden, special_room
          [special_room_bee], nicolae_volcano_entry_two_sided
Lair:3:   layout_regular_city, maelrawn_ghost_gauntlet_escape,
          roderic_carrion_pond, uniq_sonja
Lair:4:   layout_hall_layers, elwin_shoals_entry_rooms,
          minmay_lair_oklob_chamber, infiniplex_staircase_pool
Lair:5:   layout_regular_city, dpeg_slime_entry_enclosed_altar,
          serial_bayou_pond_c, minivault_11
Lair:6:   evilmike_catoblepas_cave, layout_cave_pods, wad_woods_antlair

Skill      XL: |  1  2  3  4  5  6  7  8  9 10 11 12 13 14 |
---------------+-------------------------------------------+-----
Spellcasting   | 3 4 5 6 7 8 9 10 11 12 | 12.0
Conjurations   | 5 6 7 8 9 10 11 12 13 | 13.3
Fighting       | 1 3 4 5 7 8 9 |  9.2
Translocations | 1 2 4 5 |  5.0
Invocations    | 1 3 4 5 7 8 9 |  9.0
Dodging        | 2 4 5 6 |  6.1
Ice Magic      | 3 6 8 9 |  9.1
Summonings     | 1 3 4 5 |  5.0
Air Magic      | 3 4 |  4.9
Evocations     | 1 2 |  2.4
Shields        | 1 2 |  2.2
Stealth        | |  1.7

Action                   |  1- 3 |  4- 6 |  7- 9 | 10-12 | 13-15 || total
-------------------------+-------+-------+-------+-------+-------++-------
Melee: Unarmed           |     5 |       |       |       |       ||     5
       Dagger            |    16 |       |       |       |       ||    16
       Tailslap          |     1 |     1 |     2 |    34 |    19 ||    57
       Falchion          |     6 |     9 |    20 |    78 |   144 ||   257
       Spear             |       |       |    36 |   166 |       ||   202
       Whip              |       |       |       |     1 |       ||     1
Throw: Dart              |       |       |       |       |     5 ||     5
 Cast: Magic Dart        |    93 |    43 |   175 |   134 |    13 ||   458
       Searing Ray       |       |     7 |    43 |    56 |    61 ||   167
       Fulminant Prism   |       |       |    12 |   138 |    78 ||   228
       Summon Ice Beast  |       |       |       |     9 |    27 ||    36
       Iskenderun's Myst |       |       |       |     4 |     2 ||     6
       Summon Butterflie |       |       |       |     1 |     1 ||     2
       Freezing Cloud    |       |       |       |       |     6 ||     6
Invok: Channel Magic     |       |       |       |     6 |       ||     6
 Abil: Breathe Frost     |       |       |     7 |    21 |    20 ||    48
Evoke: Wand              |       |       |       |    13 |     3 ||    16
       Phial of floods   |       |       |       |     1 |     1 ||     2
  Use: Scroll            |       |       |       |    15 |     5 ||    20
       Potion            |       |       |       |     3 |     5 ||     8
 Stab: Sleeping          |       |       |     1 |       |       ||     1
       Distracted        |       |       |       |       |     2 ||     2
  Eat: Chunk             |     5 |     6 |    17 |    35 |    25 ||    88
       Ration            |       |       |     1 |     5 |     4 ||    10
Armor: Skin              |    17 |     5 |    56 |   238 |    70 ||   386
Dodge: Dodged            |    36 |    14 |   106 |   359 |   207 ||   722
       Rpst.: Falchion   |       |     3 |    14 |    35 |    52 ||   104
